 Dungeon Crawl Stone Soup version 0.30.0-29-ga12c61a403 (webtiles) character file.

Game seed: 15078216366752449920

9 cheesebisquit the Grave Robber (level 2, -1/24 HPs)
             Began as a Ghoul Necromancer on June 6, 2023.
             Slain by a gnoll
             ... wielding a +0 club
              (4 damage)
             ... on level 1 of the Dungeon.
             The game lasted 00:01:56 (341 turns).

cheesebisquit the Grave Robber (Ghoul Necromancer)   Turns: 341, Time: 00:01:56

Health: -1/24      AC:  8    Str: 11    XL:     2   Next: 12%
Magic:  0/3        EV:  5    Int: 10    God:
Gold:   19         SH:  0    Dex:  9    Spells: 3/4 levels left

rFire   . . .        (no weapon)
rCold   + . .        (no shield)
rNeg    + + +        d - +0 chain mail
rPois   ∞            (no helmet)
rElec   .            (no cloak)
rCorr   .            (no gloves)
SInv    .            (no boots)
Will    .....        (no amulet) Stlth
                     (no ring)
HPRegen 0.00/turn    (no ring)
MPRegen 0.08/turn

%: no passive effects
@: very slightly contaminated, inhibited regen
A: claws 1, cold resistance 1, negative energy resistance 3, inhibited
regeneration, torment resistance 2, devour on kill
a: no special abilities


You were on level 1 of the Dungeon.
You visited 1 branch of the dungeon, and saw 1 of its levels.

You collected 19 gold pieces.

Inventory:

Missiles
 e - 5 poisoned darts
Armour
 a - a +0 robe
 d - a +0 chain mail (worn)
Potions
 b - a potion of magic
 c - a potion of mutation {unknown}
 f - a potion of brilliance {unknown}
 g - a potion of berserk rage {unknown}


   Skills:
 + Level 1.9 Fighting
 - Level 1.7 Dodging
 - Level 2.1 Stealth
 - Level 1.7 Spellcasting
 - Level 4.0 Necromancy


You had 3 spell levels left.
You knew the following spells:

 Your Spells              Type           Power      Damage    Failure   Level
a - Necrotise             Necr           32%        1d5       93%         1

Your spell library contained the following spells:

 Spells                   Type           Power      Damage    Failure   Level
 Vampiric Draining        Necr           8%         2d6       100%        3
 Animate Dead             Necr           8%         N/A       100%        4
 Agony                    Necr           8%         N/A       100%        5


Dungeon Overview and Level Annotations

Branches:
Dungeon (1/15)

Altars:


Innate Abilities, Weirdness & Mutations

You are immune to poison.
You have sharp fingernails.
Your flesh is cold resistant. (rC+)
You are immune to negative energy. (rN+++)
You do not regenerate when monsters are visible.
You are immune to unholy pain and torment.
You thrive by killing the living.


Message History

You barely miss the gnoll.
The gnoll is heavily wounded.
The gnoll hits you with a +0 club.
You barely miss the gnoll.
The gnoll is heavily wounded.
The gnoll hits you but does no damage.
You scratch the gnoll.
The gnoll is severely wounded.
The gnoll barely misses you.
You are too injured to fight recklessly!
Aiming: Necrotise (safe; 93% risk of failure)
Press: ? - help, Q - select action, (/) - cycle Shift-Dir - straight line, f - gnoll
Aim: a gnoll, wielding a +0 club (severely wounded, chance to affect: 67%)
You miscast Necrotise.
You are very lightly contaminated with residual magic.
Nothing appears to happen.
The gnoll hits you with a +0 club.
* * * LOW HITPOINT WARNING * * *
Aiming: Necrotise (safe; 93% risk of failure)
Press: ? - help, Q - select action, (/) - cycle Shift-Dir - straight line, f/p - gnoll
Aim: a gnoll, wielding a +0 club (severely wounded, chance to affect: 67%)
You miscast Necrotise.
Nothing appears to happen.
The gnoll hits you but does no damage.
Aiming: Necrotise (safe; 93% risk of failure)
Press: ? - help, Q - select action, (/) - cycle Shift-Dir - straight line, f/p - gnoll
Aim: a gnoll, wielding a +0 club (severely wounded, chance to affect: 67%)
You miscast Necrotise.
Nothing appears to happen.
The gnoll hits you with a +0 club.
* * * LOW HITPOINT WARNING * * *
You scratch the gnoll but do no damage.
The gnoll is severely wounded.
The gnoll barely misses you.
Okay, then.
You barely miss the gnoll.
The gnoll is severely wounded.
The gnoll hits you but does no damage.
You closely miss the gnoll.
The gnoll is severely wounded.
The gnoll hits you with a +0 club.
You die...

... ... ... ... ...
.. #.#..
##.#.....####### ...
........... #g#
........# #@#
#.......#
###.####.......#####
#.....##............
#.######............
#.#.................
#......#.......###..
#.#.##.##.###### #..
###.##.##.########..
..................


You could see a gnoll.

Vanquished Creatures
  An endoplasm (D:1)
  2 hobgoblins (D:1)
  A quokka (D:1)
  A bat (D:1)
  4 rats (D:1)
9 creatures vanquished.

Notes
Turn   | Place    | Note
-------+----------+-------------------------------------------
     0 | D:1      | cheesebisquit the Ghoul Necromancer began the quest for the
                  | Orb.
     0 | D:1      | Reached XP level 1. HP: 14/14 MP: 2/2
   178 | D:1      | Reached skill level 1 in Fighting
   211 | D:1      | Reached XP level 2. HP: 24/24 MP: 1/3
   341 | D:1      | Slain by a gnoll

Illustrated notes

Levels and vault maps discovered:
D:1:      dpeg_cavernosity, layout_basic, serial_shops,
          nicolae_shop_behind_doors

Skill      XL: |  1 |
---------------+----+-----
Fighting       | 1 |  1.9
Dodging        | |  1.7
Stealth        | |  2.1
Spellcasting   | |  1.7
Necromancy     | |  4.0

Action                     || total
---------------------------++-------
  Melee: Unarmed           ||    59
   Cast: Necrotise         ||     1
 Armour: Chain mail        ||    45
  Dodge: Dodged            ||    16
